 Dungeon Crawl Stone Soup version 0.22-a0-891-g4570db1 (webtiles) character file.

378848 Hedningen the Marksdemonspawn (level 21, 0/156 HPs)
             Began as a Demonspawn Archaeologist on Aug 23, 2019.
             Was the Champion of Okawaru.
             Slain by the Royal Jelly (26 damage)
             ... on level 5 of the Pits of Slime.
             The game lasted 02:02:16 (42924 turns).

Hedningen the Marksdemonspawn (DsAc)               Turns: 42924, Time: 02:02:18

Health: 0/156      AC: 33    Str: 14    XL:     21   Next: 85%
Magic:  39/39      EV: 13    Int: 20    God:    Okawaru [******]
Gold:   3848       SH:  0    Dex: 29    Spells: 30/49 levels left

rFire    + + +     SeeInvis +   e - +8 longbow "Zephyr" {speed, Dex+3 SInv}
rCold    . . .     Gourm    +   (shield currently unavailable)
rNeg     . . .     Faith    .   S - +3 chain mail of Intuition {Str+3 Int+2}
rPois    +         Spirit   .   o - +2 cloak
rElec    +         Reflect  .   j - +2 pair of gloves {archery}
rCorr    .         Harm     .   Q - +2 pair of boots {Fly}
MR       ++...                  i - amulet of the Evening {Gourm rElec rF+ MR+ Str-3}
Stlth    ..........             P - ring of the Good {rF+ AC+4 Int+2 Dex+3}
HPRegen  0.36/turn              B - ring "Hisol" {+Blink rPois Dex+4 SInv}
MPRegen  0.26/turn

@: flying
A: horns 3, molten scales 3, demonic guardian 2, fire resistance 1, spiny 3,
flame cloud immunity
}: 2/15 runes: decaying, gossamer
a: Heroism, Finesse, Renounce Religion, Evoke Blink, Stop Flying


You were on level 5 of the Pits of Slime.
You worshipped Okawaru.
Okawaru was exalted by your worship.
You were full.

You visited 8 branches of the dungeon, and saw 40 of its levels.
You also visited: Labyrinth, Bailey, Ice Cave and Wizlab.

You collected 4949 gold pieces.
You spent 1101 gold pieces at shops.

Inventory:

Hand Weapons
 d - a +2 demon trident
 e - the +8 longbow "Zephyr" (weapon) {speed, Dex+3 SInv} Attacks with this weapon are significantly faster. It affects your dexterity (+3). It lets you see invisible.
Missiles
 q - 980 arrows (quivered)
Armour
 a - a +1 buckler of cold resistance
 j - a +2 pair of gloves of archery (worn)
 o - a +2 cloak (worn)
 Q - a +2 pair of boots of flying (worn)
 S - the +3 chain mail of Intuition (worn) {Str+3 Int+2}
   (You found it in a labyrinth)

   It affects your strength (+3).
   It affects your intelligence (+2).
Jewellery
 h - an uncursed ring of protection from magic
 i - the amulet of the Evening (around neck) {Gourm rElec rF+ MR+ Str-3}
   (You acquired it on level 4 of the Spider Nest)

   [amulet of the gourmand]

   It allows you to eat raw meat even when not hungry.
   It affects your strength (-3).
   It protects you from fire.
   It insulates you from electricity.
   It affects your resistance to hostile enchantments.
 r - the amulet of Dazxog Nulur {Gourm Int+3}
   (You found it on level 3 of the Elven Halls)

   [amulet of the gourmand]

   It allows you to eat raw meat even when not hungry.
   It affects your intelligence (+3).
 y - an uncursed ring of protection from cold
 B - the ring "Hisol" (right hand) {+Blink rPois Dex+4 SInv}
   (You bought it in a shop on level 10 of the Dungeon)

   [ring of dexterity]

   It affects your dexterity (+4).
   It protects you from poison.
   It lets you see invisible.
   It lets you blink.
 N - an uncursed ring of positive energy
 P - the ring of the Good (left hand) {rF+ AC+4 Int+2 Dex+3}
   (You acquired it on level 4 of the Spider Nest)

   [ring of protection]

   It affects your AC (+4).
   It affects your intelligence (+2).
   It affects your dexterity (+3).
   It protects you from fire.
Wands
 t - a wand of clouds (5)
 u - a wand of digging (19)
 v - a wand of iceblast (28)
 A - a wand of paralysis (11)
 I - a wand of acid (23)
 T - a wand of disintegration (23)
Scrolls
 b - a scroll of fear
 c - a scroll of blinking
 n - 22 scrolls of remove curse
 p - 13 scrolls of teleportation
 C - 12 scrolls of amnesia
 H - a scroll of fog
 Y - 3 scrolls of magic mapping
Potions
 f - 3 potions of magic
 k - 2 potions of cancellation
 l - a potion of ambrosia
 m - 10 potions of curing
 s - 6 potions of brilliance
 z - a potion of restore abilities
 E - 4 potions of resistance
 G - 7 potions of agility
 J - 6 potions of might
 V - a potion of invisibility
Comestibles
 g - 47 rations


   Skills:
 - Level 11.0 Fighting
   Level 2.4 Maces & Flails
 - Level 20.0 Bows
 - Level 10.7 Armour
 - Level 9.0 Dodging
 - Level 0.8 Stealth
 - Level 14.5 Spellcasting
 - Level 15.7 Hexes
 - Level 4.6 Charms
 + Level 11.9 Translocations
 - Level 6.6 Air Magic


You had 30 spell levels left.
You knew the following spells:

 Your Spells              Type           Power        Failure   Level  Hunger
a - Swiftness             Chrm/Air       #####...     9%          2    None
b - Repel Missiles        Chrm/Air       #####.       9%          2    None
c - Invisibility          Hex            ######..     14%         6    #####..
d - Deflect Missiles      Chrm/Air       #####.....   100%        6    #####..
e - Portal Projectile     Hex/Tloc       ######       1%          3    None

Your spell library contained the following spells:

 Spells                   Type           Power        Failure   Level  Hunger
 Cause Fear               Hex            ######....   1%          4    None
 Magic Dart               Conj           ##..         52%         1    None
 Fireball                 Conj/Fire      ##........   100%        5    ###....
 Conjure Flame            Conj/Fire      ##......     87%         3    None
 Lightning Bolt           Conj/Air       ####......   99%         5    ###....
 Slow                     Hex            ######..     1%          2    None
 Haste                    Chrm           ####....     100%        9    #######
 Confuse                  Hex            ######..     1%          3    None
 Throw Flame              Conj/Fire      ##....       65%         2    None
 Mephitic Cloud           Conj/Pois/Air  ###.....     56%         3    None
 Blink                    Tloc           N/A          1%          2    None
 Sticky Flame             Conj/Fire      ##......     99%         4    None
 Ozocubu's Armour         Chrm/Ice       ###.....     56%         3    None
 Call Imp                 Summ           ##......     65%         2    None
 Tukima's Dance           Hex            ######..     1%          3    None
 Corpse Rot               Necr           N/A          65%         2    None
 Stone Arrow              Conj/Erth      ##....       87%         3    None
 Shock                    Conj/Air       ####         16%         1    None
 Spider Form              Tmut/Pois      ##........   87%         3    None
 Blade Hands              Tmut           ##........   100%        5    ###....
 Ice Form                 Ice/Tmut       ##......     99%         4    None
 Airstrike                Air            #####.....   36%         4    None
 Flame Tongue             Conj/Fire      ##...        52%         1    None
 Passwall                 Tmut/Erth      ##......     65%         2    None
 Sticks to Snakes         Tmut           ##......     65%         2    None
 Ensorcelled Hibernation  Hex/Ice        #####.       3%          2    None
 Silence                  Hex/Air        ######....   17%         5    ###....
 Shatter                  Erth           ##........   100%        9    #######
 Static Discharge         Conj/Air       ####....     41%         3    None
 Corona                   Hex            ######.      1%          1    None
 Lee's Rapid Deconstruct  Erth           ##........   100%        5    ###....
 Sandblast                Erth           ##....       52%         1    None
 Petrify                  Tmut/Erth      ##......     99%         4    None
 Passage of Golubria      Tloc           N/A          4%          4    None
 Tornado                  Air            #####.....   100%        9    #######
 Leda's Liquefaction      Hex/Erth       #####.....   22%         4    None
 Summon Hydra             Summ           ##........   100%        7    ######.
 Darkness                 Hex            ######....   14%         6    #####..
 Inner Flame              Hex/Fire       #####...     7%          3    None
 Beastly Appendage        Tmut           ##....       52%         1    None
 Dazzling Spray           Conj/Hex       #####.       7%          3    None
 Force Lance              Conj/Tloc      #####...     45%         4    None
 Infusion                 Chrm           ####         9%          1    None
 Discord                  Hex            ######....   99%         8    #######
 Summon Forest            Summ/Tloc      #####.....   80%         5    ###....
 Hydra Form               Tmut           ##........   100%        6    #####..
 Yara's Violent Unravell  Hex/Tmut       #####.....   54%         5    ###....
 Ignition                 Fire           ##........   100%        8    #######
 Phase Shift              Tloc           ######....   12%         5    ###....
 Blade of Disaster        Conj/Chrm      ###.......   99%         5    ###....


Dungeon Overview and Level Annotations

Branches:
Dungeon (15/15) Temple (1/1) D:5 Lair (6/6) D:10 Swamp (4/4) Lair:3 Spider (4/4) Lair:3 Slime (5/5) Lair:5 Orc (2/2) D:9 Elf (3/3) Orc:2 Vaults (0/5) D:12 D:13 Depths (0/5) D:15

Altars:
Ashenzari
Cheibriados
Dithmenos
Elyvilon
Fedhas
Gozag
Hepliaklqana
Jiyva
Kikubaaqudgha
Nemelex Xobeh
Okawaru
Qazlal
Sif Muna
Uskayaw
Vehumet
Wu Jian
Yredelemnul
Zin
The Shining One
Beogh

Shops:
D:9 [   D:10 *=[%   Orc:2 }(=}[[((!

Portals:
Trove: Elf:1 (give +6 demon whip)

Annotations:
Slime:5 Royal Jelly


Innate Abilities, Weirdness & Mutations

You have a pair of large horns on your head.
You are completely covered in molten scales. (AC +4, rF+)
A demonic guardian rushes to your aid.
Your flesh is heat resistant. (rF+)
You are completely covered in sharp spines.
You are immune to clouds of flame.


Message History

You start resting.
The Royal Jelly comes into view.
Okay, then.
Press: ? - help, v - describe, . - travel
Here: the Royal Jelly (hasn't noticed you)
The floor.
Okay, then.
The Royal Jelly quivers.
Okay, then.
Your magical effects are unravelling.
You feel magically purged.
You are no longer corroded.
Okay, then.
Your sixfirhy hits the Royal Jelly!
Your sixfirhy shocks the Royal Jelly!
Your sixfirhy is burned by acid!
The Royal Jelly shudders vigorously.
The Royal Jelly spits out two more jellies.
The Royal Jelly is struck by your spines.
The Royal Jelly hits you!!
You die...

##### #####...###
###....#....##
###............## ####
........<.......####..#
.................##...##
.............J@.........#
...........J3J..........###
..........................##
...........................#
...........................#
...........................#
...........................#
..........................##
..........................#


You could see the Royal Jelly, an azure jelly, a death ooze and a friendly
sixfirhy.

Vanquished Creatures
  Norris (Spider:4)
  Arachne (Spider:4)
  Rupert (D:12)
  2 deep elf master archers (Elf:3)
  15 acid blobs
  A deep elf blademaster (Elf:3)
  Agnes (D:14)
  4 thorn hunters
  An azure jelly (Slime:3)
  9 deep elf sorcerers
  8 ghost moths
  Louise (D:14)
  Aizul (Swamp:1)
  2 deep elf elementalists (Elf:3)
  3 emperor scorpions (Spider:4)
  A caustic shrike skeleton (D:15)
  5 entropy weavers
  Nessos (Lair:6)
  3 deep elf demonologists (Elf:3)
  A dire elephant (Lair:6)
  3 spark wasps (Spider:4)
  4 deep elf annihilators (Elf:3)
  An orange crystal statue (WizLab)
  A minotaur (Lab)
  3 deep elf death magi (Elf:3)
  2 great orbs of eyes
  Snorg (D:11)
  Harold (D:12)
  2 deep elf high priests (Elf:3)
  20 hydras
  2 ice dragons (IceCv)
  Fannar (Lair:2)
  A catoblepas (Lair:6)
  5 centaur warriors
  A large abomination (Elf:3)
  An ogre mage (Orc:2)
  2 ghost crabs (Swamp:2)
  A deep troll shaman (Lair:6)
  8 two-headed ogres
  17 alligators
  25 dancing weapons
  A vampire mage (D:15)
  8 death yaks (Lair:6)
  2 tengu warriors (D:14)
  An orc high priest (Elf:3)
  Urug (Orc:1)
  18 deep elf knights
  Nergalle (Lair:2)
  4 skeletal warriors (D:15)
  2 unseen horrors
  4 spriggan druids
  10 deep elf archers
  9 swamp dragons
  A harpy (shapeshifter) (D:14)
  3 shambling mangroves
  46 deep elf magi
  A lindwurm (Lair:6)
  3 orc sorcerers
  3 manticores
  4 orc knights
  2 necromancers
  16 orb spiders
  3 shining eyes
  25 wolf spiders
  7 cyclopes
  11 ugly things
  A stone giant zombie (D:15)
  A moth of wrath (Spider:4)
  8 elephants
  4 eyes of devastation
  3 black mambas
  2 molten gargoyles (Lair:5)
  2 ice statues (IceCv)
  19 spiny frogs
  A torpor snail (Spider:2)
  A kobold demonologist (D:15)
  8 rime drakes
  14 demonic crawlers
  An efreet (D:13)
  A guardian mummy (D:15)
  11 komodo dragons
  A swamp worm zombie (Swamp:4)
  A tengu conjurer (D:14)
  38 jumping spiders
  A merfolk (D:11)
  4 trolls
  13 hornets
  A queen bee (Spider:3)
  3 meliai (D:15)
  A wolf spider simulacrum (D:14)
  2 boulder beetles
  9 tyrant leeches
  19 blink frogs
  A deep troll zombie (D:15)
  60 slime creatures
  10 hippogriffs
  7 dream sheep
  5 bog bodies
  A shadow (D:13)
  19 tarantellas
  12 spriggans
  4 vampires
  2 wraiths
  4 wyverns
  83 redbacks
  23 yaks
  A golden eye (shapeshifter) (Elf:2)
  16 humans
  2 basilisks
  6 fire elementals
  3 hungry ghosts
  Menkaure (D:5)
  15 vampire mosquitoes
  A human zombie (D:15)
  A warg (Orc:1)
  6 insubstantial wisps (Swamp:1)
  Edmund (D:5)
  18 swamp worms
  An acid dragon (D:15)
  9 water moccasins
  11 swamp drakes
  11 porcupines
  20 orc warriors
  14 ice beasts
  2 black bears
  3 phantoms
  6 sky beasts
  2 hornet zombies
  A swamp dragon zombie (Swamp:4)
  22 ogres
  3 eyes of draining
  17 wolves
  6 crocodiles
  15 centaurs
  Blork the orc (D:4)
  4 big kobolds
  A gnoll sergeant (Orc:1)
  A wyvern zombie (D:13)
  16 bullfrogs
  A water moccasin zombie (Swamp:4)
  2 scorpions
  28 killer bees
  3 wights (D:11)
  5 crimson imps
  4 centaur zombies
  A bullfrog zombie (D:9)
  A gnoll shaman (D:4)
  2 bullfrog skeletons
  9 hounds
  10 orc priests
  10 centaur skeletons
  15 orc wizards
  2 iguanas
  8 worker ants
  31 sheep
  A worker ant zombie (D:7)
  14 gnolls
  A swamp drake zombie (Swamp:4)
  12 adders
  3 shadow imps
  An ooze (D:6)
  7 worms
  2 dart slugs (D:1)
  2 leopard geckos
  67 orcs
  11 bats
  5 giant cockroaches
  14 goblins
  8 hobgoblins
  5 jackals
  30 kobolds
  9 quokkas
  2 ball pythons
  A bat (shapeshifter) (Elf:3)
  5 frilled lizards
  A jackal zombie (D:6)
  6 rats
  A crawling corpse (Elf:3)
  A fungus (Lair:6)
1329 creatures vanquished.

Vanquished Creatures (collateral kills)
  2 acid blobs
  Gastronok (Lair:2)
  2 deep elf sorcerers (Elf:3)
  A deep elf elementalist (Elf:3)
  A deep elf demonologist (Elf:3)
  A deep elf annihilator (Elf:3)
  A deep elf death mage (Elf:3)
  Josephine (Lair:6)
  The ghost of Hedningen the Spear-Bearer, a journeyman DsAc of Wu Jian (Lair:1)
  Erica (D:8)
  3 hydras (Swamp:4)
  8 two-headed ogres
  3 ogre magi (Orc:2)
  A dancing weapon (Elf:2)
  A skeletal warrior (D:15)
  4 deep elf magi
  An ugly thing (D:14)
  A wolf spider (Spider:4)
  Joseph (D:7)
  An eye of devastation (Slime:3)
  A rime drake (IceCv)
  A hornet (Spider:4)
  2 blink frogs
  A slime creature (Slime:3)
  5 yaks
  2 wraiths (Lair:6)
  A swamp worm (Swamp:4)
  2 ice beasts (IceCv)
  8 ogres (Orc:2)
  An orc wizard (D:9)
  2 orcs (D:9)
62 creatures vanquished.

Vanquished Creatures (others)
  A deep elf knight (Elf:3)
  A wolf spider (Spider:4)
  A bush (Lair:6)
  13 fungi
  15 plants
  A withered plant (D:15)
32 creatures vanquished.

Grand Total: 1423 creatures vanquished

Notes
Turn   | Place    | Note
-------+----------+-------------------------------------------
     0 | D:1      | Hedningen the Demonspawn Archaeologist began the quest for the Orb.
     0 | D:1      | Reached XP level 1. HP: 18/18 MP: 1/1
   126 | D:1      | Reached skill level 1 in Maces & Flails
   135 | D:1      | Gained mutation: You are partially covered in sharp spines. [demonic ancestry]
   135 | D:1      | Reached XP level 2. HP: 20/24 MP: 2/2
   794 | D:1      | Gained mutation: You have a pair of small horns on your head. [demonic ancestry]
   794 | D:1      | Reached XP level 3. HP: 28/29 MP: 3/3
   940 | D:1      | Reached skill level 1 in Bows
  1180 | D:2      | Reached skill level 2 in Bows
  1724 | D:2      | Reached skill level 3 in Bows
  1724 | D:2      | Gained mutation: You are partially covered in molten scales. (AC +2) [demonic ancestry]
  1724 | D:2      | Reached XP level 4. HP: 35/35 MP: 4/4
  2151 | D:2      | Reached skill level 4 in Bows
  2386 | D:3      | Reached XP level 5. HP: 23/41 MP: 5/5
  2538 | D:3      | Found a shadowy altar of Dithmenos.
  2581 | D:3      | Reached skill level 5 in Bows
  2679 | D:3      | Found a hide-covered altar of Uskayaw.
  2679 | D:3      | Found a deep blue altar of Sif Muna.
  3326 | D:4      | Reached skill level 6 in Bows
  3495 | D:4      | Found a white marble altar of Elyvilon.
  3553 | D:4      | Gained mutation: A weak demonic guardian rushes to your aid. [demonic ancestry]
  3553 | D:4      | Reached XP level 6. HP: 47/47 MP: 6/6
  3698 | D:4      | Reached skill level 7 in Bows
  3706 | D:4      | Found an ornate altar of the Wu Jian Council.
  3873 | D:4      | Gained mutation: You are mostly covered in molten scales. (AC +3) [demonic ancestry]
  3873 | D:4      | Reached XP level 7. HP: 52/52 MP: 7/7
  3908 | D:4      | Found a basalt altar of Yredelemnul.
  3975 | D:4      | Noticed Blork the orc
  3981 | D:4      | Killed Blork the orc
  4020 | D:4      | Found a viscous altar of Jiyva.
  4020 | D:4      | Found a stormy altar of Qazlal.
  4212 | D:5      | Entered Level 5 of the Dungeon
  4229 | D:5      | Reached skill level 8 in Bows
  4512 | D:5      | Noticed Menkaure
  4517 | D:5      | Killed Menkaure
  4637 | D:5      | Found a staircase to the Ecumenical Temple.
  4644 | Temple   | Entered the Ecumenical Temple
  4666 | Temple   | Became a worshipper of Warmaster Okawaru
  4935 | D:5      | Reached skill level 9 in Bows
  5101 | D:5      | Noticed Edmund
  5108 | D:5      | Killed Edmund
  5108 | D:5      | Gained mutation: A demonic guardian rushes to your aid. [demonic ancestry]
  5108 | D:5      | Reached XP level 8. HP: 58/58 MP: 8/8
  5585 | D:6      | Found a radiant altar of Vehumet.
  5640 | D:6      | You fall through a shaft for 3 floors!
  5645 | D:9      | Reached * piety under Okawaru
  5645 | D:9      | Reached skill level 10 in Bows
  5793 | D:9      | Noticed a cyclops
  5800 | D:9      | Killed a cyclops
  5800 | D:9      | Reached ** piety under Okawaru
  5800 | D:9      | Reached skill level 11 in Bows
  6206 | D:7      | Noticed Joseph
  6218 | D:7      | Killed Joseph
  6218 | D:7      | Reached XP level 9. HP: 48/63 MP: 9/9
  6447 | D:7      | Reached *** piety under Okawaru
  6490 | D:7      | Reached skill level 12 in Bows
  6601 | D:7      | Found a flagged portal.
  6611 | Bailey   | Entered a bailey
  6764 | Bailey   | Noticed an orc knight
  6779 | Bailey   | Reached **** piety under Okawaru
  6783 | Bailey   | Killed an orc knight
  6783 | Bailey   | Reached skill level 13 in Bows
  6790 | Bailey   | Gained mutation: You are mostly covered in sharp spines. [demonic ancestry]
  6790 | Bailey   | Reached XP level 10. HP: 70/70 MP: 10/10
  6901 | Bailey   | Reached ***** piety under Okawaru
  7281 | D:7      | Found a glowing golden altar of the Shining One.
  7915 | D:8      | Noticed a two-headed ogre
  7922 | D:8      | Killed a two-headed ogre
  7922 | D:8      | Reached skill level 14 in Bows
  8010 | D:8      | Found an opulent altar of Gozag.
  8011 | D:8      | Found a glowing silver altar of Zin.
  8218 | D:8      | Noticed Erica
  8223 | D:8      | Killed Erica
  8223 | D:8      | Received a gift from Okawaru
  8863 | D:6      | Found a snail-covered altar of Cheibriados.
  8898 | D:6      | Found a shattered altar of Ashenzari.
  8903 | D:6      | Reached skill level 15 in Bows
  9451 | D:9      | Found a staircase to the Orcish Mines.
  9573 | D:9      | Found Monoar's Antique Armour Shop.
  9576 | D:9      | Bought a pair of embroidered boots for 210 gold pieces
  9722 | D:10     | Entered Level 10 of the Dungeon
  9744 | D:10     | Found Niecluy's Food Shop.
  9770 | D:10     | Reached XP level 11. HP: 75/75 MP: 11/11
  9786 | D:10     | Noticed a two-headed ogre
  9793 | D:10     | Killed a two-headed ogre
  9805 | D:10     | Found Fipommufuf's Armour Emporium.
 10043 | D:10     | Found Zurphua's Jewellery Shoppe.
 10224 | D:10     | Found Vigyihodda's General Store.
 10305 | D:10     | Found a staircase to the Lair.
 10462 | Lair:1   | Entered Level 1 of the Lair of Beasts
 10497 | Lair:1   | Reached skill level 16 in Bows
 10585 | Lair:1   | Noticed a five-headed hydra
 10590 | Lair:1   | Killed a five-headed hydra
 10671 | Lair:1   | Reached ****** piety under Okawaru
 10809 | Lair:1   | Found a labyrinth entrance.
 10819 | Lab      | Entered a labyrinth
 11505 | Lab      | Noticed a minotaur
 11513 | Lab      | Killed a minotaur
 11513 | Lab      | Received a gift from Okawaru
 11513 | Lab      | Reached skill level 17 in Bows
 11514 | Lab      | Got a steaming shortbow {god gift}
 11516 | Lab      | Got a steaming shortbow
 11520 | Lab      | Got a heavily runed chain mail
 11629 | Lair:1   | Gained mutation: You have a pair of horns on your head. [demonic ancestry]
 11629 | Lair:1   | Reached XP level 12. HP: 81/81 MP: 12/12
 11630 | Lair:1   | Identified the +3 chain mail of Intuition {Str+3 Int+2} (You found it in a labyrinth)
 11690 | Lair:1   | Noticed Hedningen's ghost (journeyman DsAc)
 11700 | Lair:1   | Killed Hedningen's ghost
 11916 | Lair:2   | Noticed Nergalle
 11926 | Lair:2   | Killed Nergalle
 12041 | Lair:2   | Noticed Gastronok
 12053 | Lair:2   | Killed Gastronok
 12099 | Lair:2   | Reached skill level 18 in Bows
 12140 | Lair:2   | Noticed Fannar
 12150 | Lair:2   | Killed Fannar
 12539 | Lair:2   | Received a gift from Okawaru
 12670 | Lair:3   | Noticed a four-headed hydra
 12676 | Lair:3   | Killed a four-headed hydra
 12823 | Lair:3   | Found a staircase to the Swamp.
 12859 | Lair:3   | Found a frozen archway.
 12886 | IceCv    | Entered an ice cave
 13024 | IceCv    | Received a gift from Okawaru
 13031 | IceCv    | Gained mutation: You have a pair of large horns on your head. [demonic ancestry]
 13031 | IceCv    | Reached XP level 13. HP: 86/86 MP: 12/13
 13055 | IceCv    | Reached skill level 19 in Bows
 13485 | IceCv    | Got a coiled golden ring
 13501 | IceCv    | Identified the ring "Disyibikk" {Ice +Fly rPois Int-5} (You found it in an ice cave)
 14011 | Lair:3   | Found a hole to the Spider Nest.
 14595 | Lair:3   | Found a hazy altar of Hepliaklqana.
 15270 | Lair:4   | Received a gift from Okawaru
 15454 | Lair:4   | Got a crude buckler {god gift}
 15779 | Lair:4   | Reached skill level 20 in Bows
 16249 | Lair:5   | Found a staircase to the Slime Pits.
 16250 | Lair:5   | Found a viscous altar of Jiyva.
 16403 | Lair:5   | Reached skill level 5 in Fighting
 16801 | Lair:6   | Entered Level 6 of the Lair of Beasts
 16835 | Lair:6   | Noticed Nessos
 16841 | Lair:6   | Killed Nessos
 17082 | Lair:6   | Noticed Josephine
 17089 | Lair:6   | Killed Josephine
 17202 | Lair:6   | Received a gift from Okawaru
 17202 | Lair:6   | Gained mutation: You are completely covered in sharp spines. [demonic ancestry]
 17202 | Lair:6   | Reached XP level 14. HP: 103/103 MP: 13/14
 17203 | Lair:6   | Got a pair of scorched boots {god gift}
 17204 | Lair:6   | Identified the +2 pair of boots of the Blind Marksman {Int+4} (Okawaru gifted it to you on level 6 of the Lair of Beasts)
 17774 | Lair:6   | Reached skill level 10 in Fighting
 18375 | Orc:1    | Entered Level 1 of the Orcish Mines
 18375 | Orc:1    | Noticed Urug
 18386 | Orc:1    | Killed Urug
 18401 | Orc:1    | Reached skill level 1 in Armour
 18913 | Orc:2    | Entered Level 2 of the Orcish Mines
 18913 | Orc:2    | Found Cukorruniuth's Distillery.
 18925 | Orc:2    | Bought 2 potions of heal wounds for 150 gold pieces
 19006 | Orc:2    | Found Gidirau's Antique Weapon Boutique.
 19067 | Orc:2    | Found a roughly hewn altar of Beogh.
 19119 | Orc:2    | Found Oquoj's Antique Weapon Emporium.
 19240 | Orc:2    | Found Muocvuc's Armour Boutique.
 19281 | Orc:2    | Received a gift from Okawaru
 19316 | Orc:2    | Found a staircase to the Elven Halls.
 19329 | Orc:2    | Reached skill level 5 in Armour
 19380 | Orc:2    | Received a gift from Okawaru
 19466 | Orc:2    | Reached XP level 15. HP: 112/118 MP: 15/15
 19468 | Orc:2    | Found Haosiyps's Gadget Shop.
 19468 | Orc:2    | Found Upnimab's Antique Weapon Shoppe.
 19471 | Orc:2    | Found Zimiw's Jewellery Shoppe.
 19471 | Orc:2    | Found Zemanyed's Gadget Boutique.
 19521 | Orc:2    | Found Yschob's Antique Armour Shoppe.
 20029 | D:11     | Noticed Snorg
 20034 | D:11     | Killed Snorg
 20997 | D:12     | Noticed Harold
 21007 | D:12     | Killed Harold
 21294 | D:13     | Found a gate to the Vaults.
 21294 | D:13     | Noticed Rupert
 21316 | D:12     | Killed Rupert
 21568 | D:13     | Received a gift from Okawaru
 21860 | D:13     | Reached skill level 10 in Armour
 22981 | D:14     | Reached skill level 5 in Dodging
 23083 | D:14     | Noticed Agnes
 23093 | D:14     | Killed Agnes
 23211 | D:14     | Received a gift from Okawaru
 23481 | D:14     | Noticed Louise
 23505 | D:14     | Killed Louise
 23813 | D:14     | Reached XP level 16. HP: 125/125 MP: 15/16
 23820 | D:14     | Learned a level 2 spell: Swiftness
 23823 | D:14     | Learned a level 2 spell: Repel Missiles
 23844 | D:15     | Entered Level 15 of the Dungeon
 23851 | D:15     | Found a staircase to the Depths.
 24053 | D:15     | Reached XP level 17. HP: 110/131 MP: 17/17
 24483 | D:15     | Reached skill level 1 in Spellcasting
 25192 | Swamp:1  | Entered Level 1 of the Swamp
 25419 | Elf:1    | Entered Level 1 of the Elven Halls
 25442 | Elf:1    | Received a gift from Okawaru
 25442 | Elf:1    | Reached skill level 5 in Spellcasting
 26233 | Elf:1    | Learned a level 6 spell: Invisibility
 26254 | Elf:1    | Reached skill level 1 in Hexes
 26712 | Elf:1    | Found a portal to a secret trove of treasure.
 26793 | Elf:2    | Found Focots's Assorted Antiques.
 27109 | Elf:2    | Found a runed gate.
 27109 | Elf:2    | Found a runed gate.
 27109 | Elf:2    | Found a runed gate.
 27196 | Elf:2    | Reached skill level 1 in Air Magic
 27736 | Elf:2    | Reached skill level 5 in Air Magic
 28024 | Elf:2    | Reached XP level 18. HP: 121/138 MP: 30/30
 28027 | Elf:2    | Received a gift from Okawaru
 28148 | Elf:2    | Reached skill level 5 in Hexes
 28296 | Elf:3    | Entered Level 3 of the Elven Halls
 28501 | Elf:3    | Found a magical portal.
 28559 | WizLab   | Entered Wucad Mu's Monastery
 28742 | WizLab   | Found the +9 staff of Wucad Mu {channel}
 29000 | WizLab   | Gained mutation: You are completely covered in molten scales. (AC +4, rF+) [demonic ancestry]
 29000 | WizLab   | Reached XP level 19. HP: 143/143 MP: 30/31
 29780 | Elf:3    | Reached skill level 10 in Spellcasting
 30316 | Elf:3    | Received a gift from Okawaru
 31219 | Elf:3    | Got a slimy iron ring
 31304 | Elf:3    | Identified the ring of Xom's Best Wishes {+Fly rN+ MR- Stlth+} (You took it off a deep elf death mage on level 3 of the Elven Halls)
 31441 | Elf:3    | Got a clouded ruby amulet
 31492 | Elf:3    | Got a jewelled ring mail
 32070 | Swamp:1  | Noticed Aizul
 32079 | Swamp:1  | Killed Aizul
 32987 | Swamp:2  | Identified the amulet of Dazxog Nulur {Gourm Int+3} (You found it on level 3 of the Elven Halls)
 32991 | Swamp:2  | Identified the +1 ring mail "Foaggutz" {SInv} (You found it on level 3 of the Elven Halls)
 33007 | Swamp:2  | Identified the cursed +1 ring mail of Wariness {*Slow rCorr Str+4} (You found it on level 2 of the Swamp)
 33035 | Swamp:2  | Reached skill level 10 in Hexes
 33248 | Swamp:2  | Gained mutation: Your flesh is heat resistant. (rF+) [demonic ancestry]
 33248 | Swamp:2  | Reached XP level 20. HP: 150/150 MP: 37/38
 33412 | Swamp:3  | Received a gift from Okawaru
 33834 | Swamp:3  | Identified the +5 spear "Killer Klown's Bane" {vamp, rElec rF+ Dex+3} (You found it on level 3 of the Swamp)
 34317 | Swamp:4  | Entered Level 4 of the Swamp
 34828 | Swamp:4  | Received a gift from Okawaru
 35439 | Swamp:4  | Got a decaying rune of Zot
 36058 | Spider:1 | Entered Level 1 of the Spider Nest
 36935 | D:10     | Bought the ring "Hisol" {+Blink rPois Dex+4 SInv} for 741 gold pieces
 37467 | Spider:3 | Received a gift from Okawaru
 37534 | Spider:3 | Learned a level 6 spell: Deflect Missiles
 37538 | Spider:3 | Learned a level 3 spell: Portal Projectile
 37605 | Spider:3 | Reached skill level 15 in Hexes
 38391 | Spider:4 | Entered Level 4 of the Spider Nest
 38501 | Spider:4 | Identified a scroll of acquirement
 38505 | Spider:4 | Got a slimy tin amulet
 38509 | Spider:4 | Identified the amulet of the Evening {Gourm rElec rF+ MR+ Str-3} (You acquired it on level 4 of the Spider Nest)
 38605 | Spider:4 | Reached skill level 1 in Translocations
 38689 | Spider:4 | Received a gift from Okawaru
 38739 | Spider:4 | Gained mutation: You are immune to clouds of flame. [demonic ancestry]
 38739 | Spider:4 | Reached XP level 21. HP: 124/156 MP: 38/39
 39023 | Spider:4 | Noticed Arachne
 39048 | Spider:4 | Killed Arachne
 39055 | Spider:4 | Paralysed by a hornet for 2 turns
 39067 | Spider:4 | Reached skill level 5 in Translocations
 39427 | Spider:4 | Got a gossamer rune of Zot
 40397 | Spider:4 | Noticed Norris
 40416 | Spider:4 | Killed Norris
 40499 | Spider:4 | Got a brightly glowing iron ring
 40750 | Lair:1   | Identified the ring of the Good {rF+ AC+4 Int+2 Dex+3} (You acquired it on level 4 of the Spider Nest)
 40839 | Slime:1  | Entered Level 1 of the Pits of Slime
 41616 | Slime:3  | Received a gift from Okawaru
 41616 | Slime:3  | Reached skill level 10 in Translocations
 42663 | Slime:4  | Received a gift from Okawaru
 42808 | Slime:5  | Entered Level 5 of the Pits of Slime
 42919 | Slime:5  | Noticed the Royal Jelly
 42924 | Slime:5  | Slain by the Royal Jelly

Vault maps used:
D:1:      roderic_chinese_lattice_arrival
D:3:      grunt_dithmenos_smoke, gammafunk_temple_overflow_statue,
          minmay_checkerbox
D:4:      kennysheep_ying_yang, old_standard_altar,
          gammafunk_temple_overflow_elements, minivault_23, uniq_blork_the_orc
D:5:      temple_doors_ab, first_ration, minmay_misc_feat_doors, uniq_menkaure,
          uniq_edmund
D:6:      lemuel_coloured_pillars_altar, kennysheep_little_box,
          grunt_ministairs_12, vehumet_altar_wand_db
D:7:      nicolae_tso_carved_into_rock, enter_bailey_3, serial_co_window_serial,
          co_window_paths_b, co_window_of_opportunity_a, co_window_cross_1,
          co_window_of_opportunity_a, co_window_paths_a, co_window_broadway_a,
          co_window_corner_b, co_window_2corner, co_window_broadway_c,
          co_window_unsneaky_path_a, co_window_corner_cb, co_window_paths_c,
          glass_columns_a, uniq_joseph
D:8:      grunt_temple_overflow_gold_and_silver, uniq_erica
D:9:      orc_0_dummy, serial_shops, kennysheep_mini_moat
D:10:     lair_entry_dummy, serial_shops, shop, shop, nicolae_shop_stone, shop
D:11:     hangedman_fish_farm, item_on_display_a, uniq_snorg
D:12:     uniq_harold
D:13:     david_vaults_3, spider_trap
D:14:     uniq_louise, uniq_agnes
D:15:     gammafunk_depths_entry_grave, uniq_rupert
Temple:   eino_wide_crystal_templ
Lair:1:   lab_entry_generic, beast_lair_carwin_11, infiniplex_staircase_pool_2
Lair:2:   beast_lair_carwin_4, grunt_megastairs_2, uniq_gastronok, uniq_fannar,
          uniq_nergalle
Lair:3:   minmay_swamp_entry_worms, spider_nest_entry_funnel_web,
          portal_ice_cave_entry_pillars_1, basic_altar, beast_lair_carwin_7,
          grunt_megastairs_5
Lair:5:   slime_altar_1, grunt_megastairs_3, lemuel_fruit_fields,
          serial_bayou_shore_a
Lair:6:   grunt_lair_end_beastmaster, grunt_megastairs_4, serial_bayou_shore_b,
          uniq_nessos, uniq_josephine
Swamp:1:  hangedman_swamp_blocks, swamp_pool1, uniq_aizul
Swamp:2:  hangedman_swamp_pad
Swamp:3:  evilmike_swamp_ruin_house_4, swamp_pool3
Swamp:4:  swamp_alternative, swamp_pool4, nicolae_swamp_necromancer_hut
Spider:3: hive_lemuel
Spider:4: johnstein_spider_rune_arachne_lair, guppyfry_spider_mini_3,
          uniq_norris
Orc:1:    rock_pile, uniq_urug
Orc:2:    st_orc_ogre_mass, serial_shops, shop, nicolae_shop_crystal,
          nicolae_shop_statue_plus, nicolae_shop_stone, shop, basic_altar
Elf:1:    minmay_elf_arrival_plus, nicolae_trove_entry_free_sample, minivault_28
Elf:2:    serial_shops, nicolae_shop_trees
Elf:3:    minmay_elf_hall_spiked, mu_enter_wizlab_3
Lab:      labyrinth_mini_lab, nicolae_lab_lava
Bailey:   bailey_polearm_1, bailey
IceCv:    ice_cave_small_dragons
WizLab:   wizlab_wucad

Skill      XL: |  1  2  3  4  5  6  7  8  9 10 11 12 13 14 15 16 17 18 19 20 21 |
---------------+----------------------------------------------------------------+-----
Maces & Flails | 1 2 |  2.4
Bows           | 3 4 6 7 9 11 13 15 17 18 20 | 20.0
Fighting       | 7 11 | 11.0
Armour         | 7 10 | 10.7
Dodging        | 7 8 9 |  9.0
Charms         | 4 |  4.6
Spellcasting   | 8 14 | 14.5
Hexes          | 4 8 10 15 | 15.7
Air Magic      | 6 |  6.6
Translocations | 3 11 | 11.9
Stealth        | |  0.8

Action                   |  1- 3 |  4- 6 |  7- 9 | 10-12 | 13-15 | 16-18 | 19-21 || total
-------------------------+-------+-------+-------+-------+-------+-------+-------++-------
Melee: Whip              |   101 |    47 |       |       |       |       |       ||   148
       Headbutt          |     3 |    15 |       |       |       |       |       ||    18
       Morningstar       |       |    41 |       |       |       |       |       ||    41
 Fire: Longbow           |       |    29 |   203 |   551 |  1191 |   755 |  2064 ||  4793
 Cast: Portal Projectile |       |       |       |       |       |       |     1 ||     1
 Abil: Stop Flying       |       |       |       |       |     2 |     1 |       ||     3
       Evoke Flight      |       |       |       |       |     1 |     1 |     1 ||     3
Evoke: Wand              |       |       |       |       |     1 |     1 |     7 ||     9
  Use: Scroll            |     1 |     9 |     6 |    16 |    13 |     6 |    23 ||    74
       Potion            |       |     2 |       |       |     3 |     9 |    20 ||    34
 Stab: Sleeping          |     2 |     1 |       |       |       |       |       ||     3
  Eat: Chunk             |     3 |     6 |     7 |     6 |    19 |     8 |    33 ||    82
       Ration            |       |       |     1 |     3 |     4 |     2 |     3 ||    13
Armor: Robe              |    33 |     8 |       |       |       |       |       ||    41
       Scale mail        |       |    21 |    23 |       |       |       |       ||    44
       Steam dragon scal |       |       |       |    21 |       |       |       ||    21
       Chain mail        |       |       |       |     4 |   134 |    77 |   188 ||   403
Dodge: Dodged            |    46 |    61 |    19 |    24 |    84 |    76 |   168 ||   478
Block: Buckler           |       |     3 |       |       |       |       |       ||     3

Table legend:
 A = Spawn XP
 B = Non-spawn XP
 C = Spawn XP percentage of total XP
 D = Spawn monster count
 E = Non-spawn monster count
 F = Spawn count percentage of total count
 G = Total turns spent on level
                    A         B        C        D         E        F      G
               +---------+---------+-------+---------+---------+-------+---------
         Total |       0 |  540316 |   0.0 |       0 |    1390 |   0.0 | 42924
               +---------+---------+-------+---------+---------+-------+---------
           D:1 |       0 |      51 |   0.0 |       0 |      28 |   0.0 |  1108
           D:2 |       0 |      95 |   0.0 |       0 |      27 |   0.0 |  1242
           D:3 |       0 |      87 |   0.0 |       0 |      17 |   0.0 |   853
           D:4 |       0 |     625 |   0.0 |       0 |      22 |   0.0 |  1009
           D:5 |       0 |     688 |   0.0 |       0 |      17 |   0.0 |  1255
           D:6 |       0 |     997 |   0.0 |       0 |      25 |   0.0 |   674
           D:7 |       0 |    1937 |   0.0 |       0 |      33 |   0.0 |  1209
           D:8 |       0 |    3739 |   0.0 |       0 |      34 |   0.0 |   855
           D:9 |       0 |    1164 |   0.0 |       0 |      21 |   0.0 |  1201
          D:10 |       0 |    4540 |   0.0 |       0 |      28 |   0.0 |   973
          D:11 |       0 |    2922 |   0.0 |       0 |      23 |   0.0 |   815
          D:12 |       0 |   10681 |   0.0 |       0 |      32 |   0.0 |  1200
          D:13 |       0 |   13507 |   0.0 |       0 |      45 |   0.0 |   938
          D:14 |       0 |   16589 |   0.0 |       0 |      43 |   0.0 |  1100
          D:15 |       0 |   19620 |   0.0 |       0 |      47 |   0.0 |  1175
        Lair:1 |       0 |    6700 |   0.0 |       0 |      28 |   0.0 |  1040
        Lair:2 |       0 |    8741 |   0.0 |       0 |      35 |   0.0 |   827
        Lair:3 |       0 |    8402 |   0.0 |       0 |      32 |   0.0 |  1505
        Lair:4 |       0 |    8565 |   0.0 |       0 |      34 |   0.0 |  1298
        Lair:5 |       0 |    5523 |   0.0 |       0 |      19 |   0.0 |  1016
        Lair:6 |       0 |   24076 |   0.0 |       0 |      54 |   0.0 |  1396
       Swamp:1 |       0 |   16150 |   0.0 |       0 |      37 |   0.0 |   745
       Swamp:2 |       0 |   18943 |   0.0 |       0 |      32 |   0.0 |   888
       Swamp:3 |       0 |   16732 |   0.0 |       0 |      32 |   0.0 |  1286
       Swamp:4 |       0 |   31985 |   0.0 |       0 |      61 |   0.0 |  1265
      Spider:1 |       0 |    3862 |   0.0 |       0 |      15 |   0.0 |   507
      Spider:2 |       0 |   13645 |   0.0 |       0 |      40 |   0.0 |   624
      Spider:3 |       0 |   26293 |   0.0 |       0 |      85 |   0.0 |  1026
      Spider:4 |       0 |   59268 |   0.0 |       0 |      99 |   0.0 |  2228
       Slime:1 |       0 |   10061 |   0.0 |       0 |       6 |   0.0 |   163
       Slime:2 |       0 |    8500 |   0.0 |       0 |      15 |   0.0 |   281
       Slime:3 |       0 |   20114 |   0.0 |       0 |      23 |   0.0 |   969
       Slime:4 |       0 |   13351 |   0.0 |       0 |      12 |   0.0 |   239
       Slime:5 |       0 |    6675 |   0.0 |       0 |       5 |   0.0 |   107
         Orc:1 |       0 |    3850 |   0.0 |       0 |      30 |   0.0 |   597
         Orc:2 |       0 |   18963 |   0.0 |       0 |      68 |   0.0 |  1021
         Elf:1 |       0 |   29851 |   0.0 |       0 |      46 |   0.0 |  1371
         Elf:2 |       0 |   34129 |   0.0 |       0 |      47 |   0.0 |  1940
         Elf:3 |       0 |   59461 |   0.0 |       0 |      56 |   0.0 |  2119
           Lab |       0 |    1131 |   0.0 |       0 |       1 |   0.0 |   807
        Bailey |       0 |    1524 |   0.0 |       0 |      15 |   0.0 |   397
         IceCv |       0 |    5436 |   0.0 |       0 |      20 |   0.0 |   866
        WizLab |       0 |    1143 |   0.0 |       0 |       1 |   0.0 |   750
               +---------+---------+-------+---------+---------+-------+---------
